 Dungeon Crawl Stone Soup version 0.27-a0-1147-gb3d8e82157 (webtiles) character file.

Game seed: 9735854603666553059

65 HagarQim the Skirmisher (level 4, -8/29 HPs)
             Began as a Gargoyle Monk on May 11, 2021.
             Killed by an exploding Robin (10 damage)
             ... ignited by their inner flame
             ... on level 2 of the Dungeon.
             The game lasted 00:05:45 (1973 turns).

HagarQim the Skirmisher (Gargoyle Monk)             Turns: 1973, Time: 00:05:48

Health: -8/29      AC: 12    Str: 15    XL:     4   Next: 14%
Magic:  0/4        EV:  7    Int: 11    God:
Gold:   84         SH:  0    Dex: 12    Spells: 3/3 levels left

rFire    . . .     SeeInvis .   f - +0 whip (flame)
rCold    . . .     Faith    .   (no shield)
rNeg     + . .     Spirit   +   d - +0 chain mail
rPois    ∞         Reflect  .   e - +0 helmet
rElec    +         Harm     .   (no cloak)
rCorr    .         Rampage  .   (no gloves)
Will     .....                  (no boots)
Stlth    ..........             i - amulet of guardian spirit
HPRegen  0.09/turn              (no ring)
MPRegen  0.09/turn              (no ring)

@: about to teleport, attractive
A: sickness immunity, AC +3, negative energy resistance 1, electricity
resistance, torment resistance 1, petrification resistance
a: no special abilities


You were on level 2 of the Dungeon.
You visited 1 branch of the dungeon, and saw 2 of its levels.

You collected 84 gold pieces.

Inventory:

Hand Weapons
 a - a +0 mace
 f - a +0 whip of flaming (weapon)
 k - a +0 dagger of venom
Missiles
 g - 14 bolts
 h - 5 boomerangs (quivered)
Armour
 b - a +0 robe
 d - a +0 chain mail (worn)
 e - a +0 helmet (worn)
Jewellery
 i - an amulet of guardian spirit (around neck)


   Skills:
 + Level 3.8 Fighting
 + Level 3.8 Maces & Flails
 + Level 0.6 Armour
 + Level 2.7 Dodging
 + Level 2.8 Stealth


You had 3 spell levels left.
You didn't know any spells.
Your spell library was empty.

Dungeon Overview and Level Annotations

Branches:
Dungeon (2/15)

Altars:
The Shining One


Innate Abilities, Weirdness & Mutations

You are immune to sickness and miasma.
Your stone body is resilient. (AC +3)
You are immune to poison.
You resist negative energy. (rN+)
You are resistant to electric shocks. (rElec)
You are resistant to unholy torment.
You are immune to petrification.


Message History

The hobgoblin is pulled toward you! Robin is pulled toward you!
Things that are here:
a +0 dagger; a goblin corpse The hobgoblin is pulled toward you!
Robin is pulled toward you! The hobgoblin is pulled toward you!
The hobgoblin is pulled toward you! Robin is pulled toward you!
The hobgoblin no longer looks unusually strong.
Robin is pulled toward you! The hobgoblin is pulled toward you!
Robin is pulled toward you!
Robin roars a battlecry!
The hobgoblin goes into a battle-frenzy!
The goblin no longer looks unusually strong.
Robin is pulled toward you! Robin throws the goblin at you!
The goblin hits you with a +1 dagger of electrocution.
* * * LOW HITPOINT WARNING * * *
Robin is pulled toward you!
Robin says, "My army is invincible!"
Robin roars a battlecry!
The goblin goes into a battle-frenzy!
The goblin hits you but does no damage.
As you read the scroll labelled MOEPSI SABREMA, it crumbles to dust.
You feel strangely unstable.
It was a scroll of teleportation.
Robin throws the goblin at you! The goblin hits you but does no damage.
As you read the scroll labelled SASHOYWEI LAUN, it crumbles to dust.
The creatures around you are filled with an inner flame!
It was a scroll of immolation.
Robin hits you with a +1 falchion of flaming.
* * * LOW HITPOINT WARNING * * *
Robin burns you.
* * * LOW HITPOINT WARNING * * *
The goblin hits you but does no damage.
You aren't carrying any potions.
You hit Robin.
Flame seeps out of Robin.
You burn Robin.
Flame seeps out of Robin.
Robin is moderately wounded.
Robin is engulfed in blazing flames.
Robin explodes!
The fiery explosion engulfs you!
You die...

#...##.... 8...8##.. #...###)#
#...# #.# #.### #)# #.# #.#
####### #.#####)## #.....# ###
.........### #g###.# ####.###
##.#.......# #@# #.# #.......
##.#.....#.#####○###.# #.##.###
.....#.........§g§...# #.##.# #
.#.#.....#######.##..#####.##.#
# .#.......# #........##.##.# #
.....##.## #..#..##.##.##.# #
.######.# #......#.##.##.###
.....##'## ##.###.#.##.......
.###.#...## #.......#####.###


You could see a hobgoblin (inner flame, strong) and a goblin (inner flame,
strong).

Vanquished Creatures
  Robin (D:2)
  An adder (D:2)
  A dart slug (D:2)
  A worm (D:2)
  2 ball pythons (D:1)
  3 bats (D:1)
  2 endoplasms (D:1)
  2 giant cockroaches (D:1)
  13 goblins
  6 hobgoblins
  4 jackals (D:1)
  3 quokkas (D:1)
  2 frilled lizards (D:1)
  4 kobolds (D:1)
  A rat (D:1)
46 creatures vanquished.

Notes
Turn   | Place    | Note
-------+----------+-------------------------------------------
     0 | D:1      | HagarQim the Gargoyle Monk began the quest for the Orb.
     0 | D:1      | Reached XP level 1. HP: 14/14 MP: 1/1
   181 | D:1      | Reached XP level 2. HP: 16/19 MP: 2/2
   847 | D:1      | Reached XP level 3. HP: 24/24 MP: 3/3
  1297 | D:2      | Found a glowing golden altar of the Shining One.
  1595 | D:2      | Found a faded altar of an unknown god.
  1908 | D:2      | Noticed Robin
  1926 | D:2      | Reached XP level 4. HP: 27/29 MP: 2/4
  1973 | D:2      | Killed Robin
  1973 | D:2      | Killed by an exploding Robin... ignited by their inner
                  | flame

Illustrated notes

Levels and vault maps discovered:
D:1:      dpeg_arrival_rooms_c, layout_basic, kennysheep_boxes
D:2:      layout_loops_corners, basic_altar, serial_shops, shop,
          hellmonk_ecumenical_altar_prayer_group, corexii_hall_statues_s,
          uniq_robin

Action                   |  1- 3 |  4- 6 || total
-------------------------+-------+-------++-------
Melee: Mace              |    64 |       ||    64
       Whip              |    82 |    31 ||   113
  Use: Scroll            |       |     2 ||     2
       Potion            |       |     1 ||     1
 Stab: Sleeping          |     3 |       ||     3
Armor: Robe              |     5 |       ||     5
       Chain mail        |   109 |    27 ||   136
Dodge: Dodged            |    60 |    15 ||    75

Table legend: (Time is in decaauts)
 A = Elapsed time spent in this place.
 B = Non-inter-level travel time spent in this place.
 C = Inter-level travel time spent in this place.
 D = Time resting spent in this place.
 E = Time spent auto-exploring this place.
 F = Levels seen in this place.
 G = Mean time per level.
                   A        B        C        D        E       F      G
               +--------+--------+--------+--------+--------+-----+--------+
         Total |   1978 |   1884 |     94 |    400 |   1064 |   2 |  989.0 |
       Dungeon |   1978 |   1884 |     94 |    400 |   1064 |   2 |  989.0 |
               +--------+--------+--------+--------+--------+-----+--------+

Top non-repeatable levels by time:
     D:1: 1263 daAuts
     D:2: 715 daAuts
